 Dungeon Crawl Stone Soup version 0.21.1-1-g345015f (webtiles) character file.

2135 inc the Chiller (level 9, -14/57 HPs)
             Began as an Octopode Ice Elementalist on June 18, 2018.
             Was an Initiate of Gozag.
             Demolished by Pikel
             ... wielding a +0 whip of electrocution
              (18 damage)
             ... on level 7 of the Dungeon.
             The game lasted 00:21:08 (8616 turns).

inc the Chiller (Octopode Ice Elementalist)         Turns: 8616, Time: 00:21:09

Health: -14/57     AC:  3    Str: 12    XL:     9   Next: 30%
Magic:  15/15      EV: 13    Int: 21    God:    Gozag
Gold:   718        SH:  0    Dex: 12    Spells: 9/17 levels left

rFire    . . .     SeeInvis .     - Unarmed
rCold    . . .     Gourm    .   (no shield)
rNeg     . . .     Faith    .   (helmet restricted)
rPois    .         Spirit   .   u - amulet of regeneration
rElec    .         Reflect  .   f - +2 ring of protection
rCorr    .         Harm     .   (no ring)
MR       .....                  (no ring)
Stlth    +++.......             (no ring)
HPRegen  0.59/turn              (no ring)
MPRegen  0.14/turn              (no ring)
                                (no ring)
                                (no ring)

@: mighty, hasted, very quick
A: almost no armour, stealthy swim, amphibious, 8 rings, constrict 8, camouflage
1, gelatinous body 1
a: Potion Petition, Call Merchant, Bribe Branch, Renounce Religion


You were on level 7 of the Dungeon.
You worshipped Gozag.
Gozag was pleased with you.
You were not hungry.

You visited 2 branches of the dungeon, and saw 11 of its levels.

You collected 773 gold pieces.
You paid 55 gold pieces to Gozag.

Inventory:

Hand Weapons
 j - a +0 short sword of freezing
 y - a +1 dagger of venom
Armour
 w - a +1 buckler
Magical Staves
 F - an uncursed staff of air
Jewellery
 f - a +2 ring of protection (left tentacle)
 p - an uncursed amulet of magic regeneration
 u - an amulet of regeneration (around mantle)
Wands
 o - a wand of polymorph (10)
 t - a wand of digging (25)
 B - a wand of iceblast (7)
 D - a wand of acid (11)
 E - a wand of paralysis (9)
 J - a wand of scattershot (6)
Scrolls
 d - 9 scrolls of remove curse
 e - 2 scrolls of amnesia
 h - 4 scrolls of teleportation
 k - a scroll of enchant armour
 r - a scroll of enchant weapon {unknown}
 z - a scroll of fog
 C - a scroll of magic mapping {unknown}
 G - a scroll of random uselessness
Potions
 g - 3 potions of ambrosia
 l - a potion of agility
 n - 4 potions of lignification
 q - 2 potions of resistance
 s - a potion of brilliance
Books
 a - a book of Frost

   Spells                             Type                      Level
   a - Freeze                         Ice                          1
   b - Throw Frost                    Conjuration/Ice              2
   c - Ozocubu's Armour               Charms/Ice                   3
   d - Throw Icicle                   Conjuration/Ice              4
   e - Summon Ice Beast               Ice/Summoning                4
 m - a book of Changes

   Spells                             Type                      Level
   a - Beastly Appendage              Transmutation                1
   b - Sticks to Snakes               Transmutation                2
   c - Spider Form                    Transmutation/Poison         3
   d - Ice Form                       Ice/Transmutation            4
   e - Blade Hands                    Transmutation                5
 x - a book of Maledictions

   Spells                             Type                      Level
   a - Corona                         Hexes                        1
   b - Ensorcelled Hibernation        Hexes/Ice                    2
   c - Confuse                        Hexes                        3
   d - Tukima's Dance                 Hexes                        3
   e - Dazzling Spray                 Conjuration/Hexes            3
 I - a book of Power

   Spells                             Type                      Level
   a - Iskenderun's Battlesphere      Conjuration/Charms           5
   b - Venom Bolt                     Conjuration/Poison           5
   c - Bolt of Magma                  Conjuration/Fire/Earth       5
   d - Iron Shot                      Conjuration/Earth            6
   e - Orb of Destruction             Conjuration                  7
   f - Spellforged Servitor           Conjuration/Summoning        7
Miscellaneous
 H - a lamp of fire
Comestibles
 c - 14 rations


   Skills:
 - Level 3.5 Fighting
 - Level 2.0 Dodging
 - Level 2.6 Stealth
 - Level 6.2 Unarmed Combat
 - Level 4.5 Spellcasting
   Level 1.0 Conjurations
 - Level 5.1 Transmutations
 + Level 6.9 Ice Magic


You had 9 spell levels left.
You knew the following spells:

 Your Spells              Type           Power        Failure   Level  Hunger
a - Freeze                Ice            ####         1%          1    None
b - Ozocubu's Armour      Chrm/Ice       ###.....     9%          3    ##.....
c - Ice Form              Ice/Tmut       ####....     10%         4    ####...


Dungeon Overview and Level Annotations

Branches:
Dungeon (10/15)            Temple (1/1) D:4
   Lair: D:8-11         Orc: D:9-12

Altars:
Cheibriados
Dithmenos
Elyvilon
Fedhas
Gozag
Hepliaklqana
Kikubaaqudgha
Makhleb
Nemelex Xobeh
Okawaru
Qazlal
Ru
Sif Muna
Trog
Uskayaw
Vehumet
Wu Jian
Xom
Yredelemnul
Zin
The Shining One

Shops:
D:5 (

Annotations:
D:3 Grinder; Natasha
D:6 emiel's ghost, novice NaGl
D:7 Pikel


Innate Abilities, Weirdness & Mutations

You cannot wear most types of armour.
You are very stealthy in the water. (Stealth+)
You are amphibious.
You can wear up to eight rings at the same time.
You can use your tentacles to constrict eight enemies at once.
Your skin changes colour to match your surroundings (Stealth+).
Your rubbery body absorbs attacks. (AC +1, EV +1)


Message History

* * * LOW HITPOINT WARNING * * *
You feel better. Pikel hits you but does no damage.
Okay, then.
You feel yourself speed up. Pikel hits you but does no damage.
You feel better.
You feel less wooden.
Pikel hits you with a whip of electrocution.
* * * LOW HITPOINT WARNING * * *
You feel better.
You feel very mighty all of a sudden.
Pikel hits you with a whip of electrocution.
You are electrocuted!
* * * LOW HITPOINT WARNING * * *
You bludgeon Pikel! Your grab misses Pikel.
Pikel is moderately wounded.
Pikel hits you with a whip of electrocution.
* * * LOW HITPOINT WARNING * * *
You are electrocuted!
You die...
Your body crumbles into a pile of gold.

##########
#.........
#.###.####
#######.##...#####
#................#
#.#####.##...###.
#####.###.##
..###### #.....#
#@# ........
#.##### #K#
#.###### #.# #p#
#. # #.# #p# #. ##
#.# #.#
#.####.#####. #.#
#.. p............
#.# ###
#.......####. #.#
######### ## #.# #


You could see Pikel and 2 slaves.

Vanquished Creatures
  Duvessa (D:4)
  A black bear (D:7)
  2 slaves (D:7)
  5 ogres
  A centaur (D:6)
  Blork the orc (D:6)
  Dowan (D:4)
  3 bullfrogs
  3 howler monkeys
  A crimson imp (D:5)
  2 hounds
  A jelly (D:6)
  7 orc wizards
  4 orc priests
  2 bullfrog skeletons
  An iguana (D:6)
  7 worker ants
  A worker ant zombie (D:7)
  3 gnolls (D:7)
  A howler monkey skeleton (D:4)
  9 adders
  3 shadow imps
  2 oozes (D:2)
  3 dart slugs
  2 worms (D:2)
  2 leopard geckos
  37 orcs
  7 bats
  5 giant cockroaches
  8 goblins
  7 hobgoblins
  11 jackals
  4 quokkas
  2 ball pythons
  5 frilled lizards
  4 kobolds
  8 rats
167 creatures vanquished.

Notes
Turn   | Place    | Note
-------+----------+-------------------------------------------
     0 | D:1      | inc the Octopode Ice Elementalist began the quest for the Orb.
     0 | D:1      | Reached XP level 1. HP: 11/11 MP: 3/3
   365 | D:1      | Reached XP level 2. HP: 12/17 MP: 5/5
   888 | D:1      | Reached XP level 3. HP: 21/21 MP: 1/6
  1688 | D:2      | Reached XP level 4. HP: 23/27 MP: 4/7
  1905 | D:2      | Reached skill level 5 in Ice Magic
  2319 | D:2      | Noticed a bullfrog
  2327 | D:2      | Killed a bullfrog
  2327 | D:2      | Reached XP level 5. HP: 16/31 MP: 3/8
  2439 | D:2      | Learned a level 3 spell: Ozocubu's Armour
  2470 | D:2      | Learned a level 4 spell: Ice Form
  2949 | D:3      | Reached skill level 1 in Transmutations
  2985 | D:3      | Reached XP level 6. HP: 28/36 MP: 0/9
  3227 | D:3      | Noticed Grinder
  3435 | D:3      | Noticed Natasha
  4186 | D:4      | Reached XP level 7. HP: 30/41 MP: 10/10
  4223 | D:4      | Found a staircase to the Ecumenical Temple.
  4231 | Temple   | Entered the Ecumenical Temple
  4279 | Temple   | Became a worshipper of Gozag Ym Sagoz the Greedy
  4324 | D:4      | Noticed Duvessa
  4324 | D:4      | Noticed Dowan
  4408 | D:5      | Entered Level 5 of the Dungeon
  4459 | D:5      | Reached skill level 5 in Transmutations
  4684 | D:5      | Found a snail-covered altar of Cheibriados.
  4971 | D:5      | Found Neeshaer's Antique Weapon Shoppe.
  5287 | D:6      | Noticed Blork the orc
  5293 | D:6      | Noticed emiel's ghost (novice NaGl)
  5299 | D:6      | Killed Blork the orc
  5977 | D:6      | Reached XP level 8. HP: 16/46 MP: 2/14
  6485 | D:4      | Reached skill level 1 in Fighting
  6677 | D:4      | Killed Duvessa
  6684 | D:4      | Killed Dowan
  6962 | D:6      | Reached skill level 1 in Unarmed Combat
  7297 | D:7      | You fall through a shaft for 3 floors!
  7297 | D:10     | Entered Level 10 of the Dungeon
  7297 | D:10     | Noticed a hornet
  7302 | D:10     | Noticed a hippogriff
  7465 | D:9      | Noticed a two-headed ogre
  7678 | D:9      | Reached skill level 5 in Unarmed Combat
  7795 | D:9      | Found a sacrificial altar of Ru.
  7843 | D:9      | Reached XP level 9. HP: 57/57 MP: 13/15
  8110 | D:9      | HP: 1/68 [orc warrior/trident (5)]
  8580 | D:7      | Noticed Pikel
  8600 | D:7      | HP: 1/85 [Pikel/whip of electrocution (17)]
  8616 | D:7      | Demolished by Pikel

Skill      XL: |  1  2  3  4  5  6  7  8  9 |
---------------+----------------------------+-----
Ice Magic      | 4 6 |  6.9
Transmutations | 2 4 5 |  5.1
Spellcasting   | 4 |  4.5
Fighting       | 3 |  3.5
Unarmed Combat | 5 6 |  6.2
Dodging        | |  2.0
Stealth        | |  2.6
Conjurations   | |  1.0

Action                   |  1- 3 |  4- 6 |  7- 9 || total
-------------------------+-------+-------+-------++-------
Melee: Unarmed           |    20 |       |   115 ||   135
       Constrict         |     7 |     6 |    20 ||    33
       Tentacles         |     3 |     2 |    11 ||    16
       Dagger            |       |    20 |    65 ||    85
       Punch             |       |       |     4 ||     4
 Cast: Freeze            |    39 |    96 |   100 ||   235
       Ozocubu's Armour  |       |       |    13 ||    13
       Ice Form          |       |       |    10 ||    10
  Use: Potion            |     1 |       |    16 ||    17
       Scroll            |       |    12 |     6 ||    18
 Stab: Sleeping          |     1 |     2 |     9 ||    12
       Distracted        |       |     1 |     1 ||     2
  Eat: Chunk             |     2 |    10 |       ||    12
       Ration            |       |       |     5 ||     5
Armor: Skin              |     7 |    12 |   121 ||   140
Dodge: Dodged            |    30 |    52 |   181 ||   263
